 Dungeon Crawl Stone Soup version 0.26-a0-651-gb41185065b (webtiles) character file.

Game seed: 9773707816725876329

159 sahdkjhfkaj the Covered (level 5, -6/43 HPs)
             Began as a Gnoll Wanderer on Sept 28, 2020.
             Killed from afar by Sigmund (10 damage)
             ... with a puff of flame
             ... on level 3 of the Dungeon.
             The game lasted 00:03:25 (2406 turns).

sahdkjhfkaj the Covered (Gnoll Wanderer)            Turns: 2406, Time: 00:03:26

Health: -6/43      AC:  7    Str: 17    XL:     5   Next: 40%
Magic:  9/9        EV:  9    Int: 13    God:
Gold:   121        SH:  9    Dex: 14    Spells: 10/10 levels left

rFire    . . .     SeeInvis .   h - +0 hand axe
rCold    + . .     Faith    .   b - +0 kite shield
rNeg     . . .     Spirit   .   d - +1 leather armour {rC+}
rPois    .         Reflect  .   j - +2 hat
rElec    .         Harm     .   o - +0 cloak
rCorr    .         Rampage  .   (no gloves)
MR       .....                  (no boots)
Stlth    ++........             (no amulet)
HPRegen  0.14/turn              (no ring)
MPRegen  0.11/turn              (no ring)

@: no status effects
A: distributed training, fangs 1, strong nose
a: no special abilities


You were on level 3 of the Dungeon.
You visited 1 branch of the dungeon, and saw 3 of its levels.

You collected 121 gold pieces.

Inventory:

Hand Weapons
 h - a +0 hand axe (weapon)
Missiles
 n - 6 javelins (quivered)
Armour
 b - a +0 kite shield (worn)
 d - a +1 leather armour of cold resistance (worn)
 j - a +2 hat (worn)
 o - a +0 cloak (worn)
Wands
 q - a wand of acid (9)
 r - a wand of random effects (5)
Scrolls
 c - 2 scrolls of teleportation
 g - a scroll of noise {unknown}
 l - a scroll of immolation {unknown}
 p - a scroll of identify {unknown}
 s - 3 scrolls of amnesia {unknown}
Potions
 a - a potion of degeneration {unknown}
 e - a potion of magic {unknown}
 i - a potion of might {unknown}
 k - a potion of cancellation
 m - a potion of lignification {unknown}


   Skills:
 + Level 4.8 Fighting
 + Level 1.4 Short Blades
 + Level 1.4 Long Blades
 + Level 1.4 Axes
 + Level 3.0 Maces & Flails
 + Level 1.4 Polearms
 + Level 1.4 Staves
 + Level 1.4 Slings
 + Level 1.4 Bows
 + Level 1.4 Crossbows
 + Level 1.4 Throwing
 + Level 4.8 Armour
 + Level 1.4 Dodging
 + Level 1.4 Stealth
 + Level 3.0 Shields
 + Level 1.4 Unarmed Combat
 + Level 3.1 Spellcasting
 + Level 2.4 Conjurations
 + Level 1.1 Hexes
 + Level 1.1 Summonings
 + Level 1.1 Necromancy
 + Level 1.1 Translocations
 + Level 1.1 Transmutations
 + Level 1.1 Fire Magic
 + Level 1.1 Ice Magic
 + Level 2.4 Air Magic
 + Level 1.1 Earth Magic
 + Level 1.1 Poison Magic
 + Level 1.6 Invocations
 + Level 3.0 Evocations


You had 10 spell levels left.
You didn't know any spells.
Your spell library was empty.

Dungeon Overview and Level Annotations

Branches:
Dungeon (3/15)

Altars:

Annotations:
D:3 3 runed translucent doors, Sigmund; djmy96's ghost, amateur SpBr; felt's ghost, amateur SpBr


Innate Abilities, Weirdness & Mutations

Your experience applies equally to all skills.
You have very sharp teeth.
Your uncanny sense of smell can sniff out nearby items.


Message History

You closely miss Sigmund. You hit the hobgoblin.
You kill the hobgoblin!
Sigmund mumbles some strange words.
Sigmund flickers and vanishes!
Deactivating autopickup; reactivate with Ctrl-A.
You miss something. Something hits you.
You closely miss something. Something hits you!
You closely miss something. Something hits you.
You barely miss something. Something hits you.
You barely miss something. Your bite misses something. Something hits you.
You miss something. You barely miss something. You bite something.
Something hits you but does no damage.
You hit something. Something hits you!
* * * LOW HITPOINT WARNING * * *
You barely miss something.
You hear some strange, mumbled words.
A puff of flame appears from out of thin air!
The puff of flame hits you!
You die...

######.#. .........∆ .
#.......## $. .........#
..... ........>##.. ..
........... ..
......{..# .##########
.......@.####..#........
#.............##.....###
$......(..†..).#...###
..............##..######
..<......#....##..##....
.........#.##.##.###....
.........#....##.# #....
#.......####..##.# #...#
#.....# ##.##.###.###


There were no monsters in sight!

Vanquished Creatures
  Ijyb (D:3)
  Natasha (twice) (D:3)
  A gnoll (D:2)
  An adder (D:3)
  2 oozes (D:2)
  A worm (D:2)
  2 dart slugs
  3 leopard geckos
  6 giant cockroaches
  5 goblins
  3 hobgoblins
  2 jackals
  A quokka (D:3)
  A ball python (D:2)
  3 bats
  4 frilled lizards
  5 kobolds
  8 rats
51 creatures vanquished.

Vanquished Creatures (others)
  6 withered plants (D:3)
6 creatures vanquished.

Grand Total: 57 creatures vanquished

Notes
Turn   | Place    | Note
-------+----------+-------------------------------------------
     0 | D:1      | sahdkjhfkaj the Gnoll Wanderer began the quest for the Orb.
     0 | D:1      | sahdkjhfkaj set off with the following items: a +0 mace, a
                  | +0 kite shield, a scroll of teleportation, a +0 robe
     0 | D:1      | Reached XP level 1. HP: 20/20 MP: 4/4
   351 | D:1      | Reached XP level 2. HP: 25/26 MP: 5/5
   970 | D:1      | Reached XP level 3. HP: 31/31 MP: 7/7
  1360 | D:2      | Reached skill level 1 in Invocations
  1462 | D:2      | Reached skill level 1 in Short Blades
  1462 | D:2      | Reached skill level 1 in Long Blades
  1462 | D:2      | Reached skill level 1 in Axes
  1462 | D:2      | Reached skill level 1 in Polearms
  1462 | D:2      | Reached skill level 1 in Staves
  1462 | D:2      | Reached skill level 1 in Slings
  1462 | D:2      | Reached skill level 1 in Bows
  1462 | D:2      | Reached skill level 1 in Crossbows
  1462 | D:2      | Reached skill level 1 in Throwing
  1462 | D:2      | Reached skill level 1 in Dodging
  1462 | D:2      | Reached skill level 1 in Stealth
  1462 | D:2      | Reached skill level 1 in Unarmed Combat
  1514 | D:2      | Reached XP level 4. HP: 37/38 MP: 8/8
  1593 | D:2      | Found a faded altar of an unknown god.
  1923 | D:3      | Found a runed translucent gate.
  1923 | D:3      | Found a runed translucent gate.
  1923 | D:3      | Found a runed translucent gate.
  1923 | D:3      | Noticed felt's ghost (amateur SpBr)
  1923 | D:3      | Noticed djmy96's ghost (amateur SpBr)
  1983 | D:3      | Noticed Ijyb
  2008 | D:3      | Killed Ijyb
  2008 | D:3      | Reached skill level 1 in Hexes
  2008 | D:3      | Reached skill level 1 in Summonings
  2008 | D:3      | Reached skill level 1 in Necromancy
  2008 | D:3      | Reached skill level 1 in Translocations
  2008 | D:3      | Reached skill level 1 in Transmutations
  2008 | D:3      | Reached skill level 1 in Fire Magic
  2008 | D:3      | Reached skill level 1 in Ice Magic
  2008 | D:3      | Reached skill level 1 in Earth Magic
  2008 | D:3      | Reached skill level 1 in Poison Magic
  2243 | D:3      | Noticed Natasha
  2250 | D:3      | Killed Natasha
  2250 | D:3      | Reached XP level 5. HP: 34/43 MP: 9/9
  2274 | D:3      | Noticed Natasha
  2282 | D:3      | Killed Natasha
  2383 | D:3      | Noticed Sigmund
  2406 | D:3      | Killed from afar by Sigmund

Illustrated notes

Levels and vault maps discovered:
D:1:      minmay_arrival_checkered_box, layout_basic
D:2:      kennysheep_six_static_rooms, layout_basic,
          chequers_ecumenical_altar_grove
D:3:      minmay_recursive_quarters, layout_rooms, gammafunk_ghost_cemetery,
          uniq_jessica, uniq_sigmund, uniq_natasha, uniq_crazy_yiuf_cottage,
          uniq_ijyb

Skill      XL: |  1  2  3  4  5 |
---------------+----------------+-----
Conjurations   | 2 |  2.4
Air Magic      | 2 |  2.4
Invocations    | 1 |  1.6
Short Blades   | 1 |  1.4
Long Blades    | 1 |  1.4
Axes           | 1 |  1.4
Polearms       | 1 |  1.4
Staves         | 1 |  1.4
Slings         | 1 |  1.4
Bows           | 1 |  1.4
Crossbows      | 1 |  1.4
Throwing       | 1 |  1.4
Dodging        | 1 |  1.4
Stealth        | 1 |  1.4
Unarmed Combat | 1 |  1.4
Spellcasting   | 3 |  3.1
Hexes          | 1 |  1.1
Summonings     | 1 |  1.1
Necromancy     | 1 |  1.1
Translocations | 1 |  1.1
Transmutations | 1 |  1.1
Fire Magic     | 1 |  1.1
Ice Magic      | 1 |  1.1
Earth Magic    | 1 |  1.1
Poison Magic   | 1 |  1.1
Maces & Flails | 3 |  3.0
Shields        | 3 |  3.0
Evocations     | 3 |  3.0
Fighting       | |  4.8
Armour         | |  4.8

Action                   |  1- 3 |  4- 6 || total
-------------------------+-------+-------++-------
Melee: Hand axe          |   106 |    76 ||   182
       Bite              |    14 |    12 ||    26
Throw: Javelin           |     5 |       ||     5
  Use: Scroll            |     1 |       ||     1
       Potion            |       |     4 ||     4
 Stab: Sleeping          |     1 |     2 ||     3
Armor: Robe              |    35 |    17 ||    52
       Leather armour    |       |     6 ||     6
Dodge: Dodged            |    38 |    24 ||    62
Block: Kite shield       |    72 |    35 ||   107

Table legend: (Time is in decaauts)
 A = Elapsed time spent in this place.
 B = Non-inter-level travel time spent in this place.
 C = Inter-level travel time spent in this place.
 D = Time resting spent in this place.
 E = Time spent auto-exploring this place.
 F = Levels seen in this place.
 G = Mean time per level.
                   A        B        C        D        E       F      G
               +--------+--------+--------+--------+--------+-----+--------+
         Total |   2478 |   2337 |    141 |      4 |   1846 |   3 |  826.0 |
       Dungeon |   2478 |   2337 |    141 |      4 |   1846 |   3 |  826.0 |
               +--------+--------+--------+--------+--------+-----+--------+

Top non-repeatable levels by time:
     D:1: 1071 daAuts
     D:2: 916 daAuts
     D:3: 490 daAuts
